 Dungeon Crawl Stone Soup version 0.27-a0-54-g64bdb92e38 (webtiles) character file.

Game seed: 7384916339246020864

31 runemasterragnar the Skirmisher (level 3, -1/41 HPs)
             Began as an Ogre Delver on Jan 7, 2021.
             Slain by a bullfrog (7 damage)
             ... on level 5 of the Dungeon.
             The game lasted 00:01:06 (433 turns).

runemasterragnar the Skirmisher (Ogre Delver)        Turns: 433, Time: 00:01:07

Health: -1/41      AC:  3    Str: 16    XL:     3   Next: 22%
Magic:  3/3        EV: 10    Int: 12    God:
Gold:   47         SH:  0    Dex: 10    Spells: 2/2 levels left

rFire    . . .     SeeInvis .   h - +0 bardiche
rCold    . . .     Faith    .   (shield currently unavailable)
rNeg     . . .     Spirit   .   b - +0 robe
rPois    .         Reflect  .   (helmet restricted)
rElec    .         Harm     .   (no cloak)
rCorr    .         Rampage  .   (gloves unavailable)
Will     .....                  (boots unavailable)
Stlth    ++........             (no amulet)
HPRegen  0.13/turn              (no ring)
MPRegen  0.08/turn              (no ring)

@: no status effects
A: large, unfitting armour, tough skin 1
a: no special abilities


You were on level 5 of the Dungeon.
You visited 1 branch of the dungeon, and saw 4 of its levels.

You collected 47 gold pieces.

Inventory:

Hand Weapons
 a - a +0 mace
 h - a +0 bardiche (weapon)
 k - a +1 vorpal trident
Armour
 b - a +0 robe (worn)
Wands
 g - a wand of digging (3)
Scrolls
 c - a scroll of fog
 d - a scroll of teleportation {unknown}
 e - a scroll of fear
Potions
 f - a potion of haste
 i - a potion of heal wounds {unknown}
 j - a potion of invisibility {unknown}
 l - a potion of curing {unknown}


   Skills:
 + Level 4.9 Fighting
 - Level 1.7 Maces & Flails
 + Level 2.6 Dodging
 - Level 3.7 Stealth


You had 2 spell levels left.
You didn't know any spells.
Your spell library was empty.

Dungeon Overview and Level Annotations

Branches:
Dungeon (6/15)
 Temple: D:4-7

Altars:


Innate Abilities, Weirdness & Mutations

You are too large for most types of armour.
You have tough skin. (AC +1)


Message History

The killer bee zombie hits you. The bullfrog hits you.
The orc closely misses you. The killer bee zombie hits you.
You climb upwards.
Reactivating autopickup.
There is a stone staircase leading down here.
Unknown command.
Unknown command.
Unknown command.
The orc hits you with a +1 short sword of holy wrath.
The bullfrog closely misses you. The bullfrog barely misses you.
The bullfrog barely misses you.
You closely miss the bullfrog. The bullfrog closely misses you.
The bullfrog hits you! The bullfrog hits you.
You hit the orc.
You kill the orc!
The bullfrog hits you!
* * * LOW HITPOINT WARNING * * *
The bullfrog hits you!
You die...

******,,**,,,,,**,,,**,
*,,,,,,,,,,,,,,,,,,
*,,,,,,,,,,,,,,,,,,
#######*,,****>,,***,,**,
##.....##,,****,,,***,,**,
#.......#,,,,,,,,,,*,,,,,,
##...>...#,,,,,,,,,,*,,,,,,
#.......###+###*,,*,,*,,,*,
####....##@...##***********
#......F)....#
#............#
##....##.<..## ############


You could see a bullfrog.

Vanquished Creatures
  A centaur skeleton (D:4)
  2 orcs
  A quokka (D:4)
  A frilled lizard (D:4)
5 creatures vanquished.

Notes
Turn   | Place    | Note
-------+----------+-------------------------------------------
     0 | D:5      | runemasterragnar the Ogre Delver began the quest for the
                  | Orb.
     0 | D:5      | Reached XP level 1. HP: 24/24 MP: 1/1
    50 | D:6      | Noticed a sky beast
    50 | D:6      | Noticed an orc wizard
    50 | D:6      | Noticed a bullfrog
    51 | D:6      | Noticed an orc priest
    91 | D:4      | Reached XP level 2. HP: 15/33 MP: 2/2
    91 | D:4      | Reached XP level 3. HP: 19/41 MP: 3/3
   433 | D:5      | Slain by a bullfrog

Illustrated notes

Levels and vault maps discovered:
D:3:      layout_basic
D:4:      layout_basic, serial_curves, eino_curves_01, eino_curves_02,
          eino_curves_01, st_stairs_14
D:5:      layout_gridville, hex_tiny, chequers_serial_rivers_micro_e
D:6:      cheibrodos_iron_armory, layout_cave_pools, kennysheep_little_box,
          grunt_temple_overflow_diamond, uniq_crazy_yiuf_cottage

Skill      XL: |  1 |
---------------+----+-----
Dodging        | 2 |  2.6
Fighting       | |  4.9
Maces & Flails | |  1.7
Stealth        | |  3.7

Action                   || total
-------------------------++-------
Melee: Bardiche          ||    11
  Use: Scroll            ||     1
 Stab: Sleeping          ||     1
Armor: Robe              ||     2
Dodge: Dodged            ||     9

Table legend: (Time is in decaauts)
 A = Elapsed time spent in this place.
 B = Non-inter-level travel time spent in this place.
 C = Inter-level travel time spent in this place.
 D = Time resting spent in this place.
 E = Time spent auto-exploring this place.
 F = Levels seen in this place.
 G = Mean time per level.
                   A        B        C        D        E       F      G
               +--------+--------+--------+--------+--------+-----+--------+
         Total |    444 |    444 |      0 |      0 |    317 |   4 |  111.0 |
       Dungeon |    444 |    444 |      0 |      0 |    317 |   4 |  111.0 |
               +--------+--------+--------+--------+--------+-----+--------+

Top non-repeatable levels by time:
     D:4: 355 daAuts
     D:5: 83 daAuts
     D:6: 4 daAuts
     D:3: 1 daAuts
